 Dungeon Crawl Stone Soup version 0.20.1-1-g8b1a95d (webtiles) character file.

11637 Linguinho the Protected (level 11, -11/115 HPs)
             Began as a Demonspawn Monk on Nov 9, 2017.
             Was an Elder of Trog.
             Mangled by a komodo dragon (26 damage)
             ... on level 1 of the Lair of Beasts.
             The game lasted 00:31:45 (10781 turns).

Linguinho the Protected (Demonspawn Monk)          Turns: 10781, Time: 00:31:46

Health: -11/115    AC: 19    Str: 20    XL:     11   Next: 51%
Magic:  20/20      EV: 13    Int: 16    God:    Trog [****..]
Gold:   139        SH:  0    Dex: 21    Spells: 10/10 levels left

rFire    x . .     SeeInvis .   T - +3 halberd (flame)
rCold    + . .     Gourm    .   (shield currently unavailable)
rNeg     + . .     Faith    .   n - +3 ring mail "Licvotij" {rN+ Regen+ Int+4}
rPois    .         Spirit   .   F - +0 helmet
rElec    .         Reflect  .   B - +0 cloak
rCorr    .         Harm     .   q - +2 pair of gloves
MR       .....                  (boots unavailable)
Stlth    ..........             (no amulet)
Regen    0.7/turn               M - ring of Esus {MP+9 Dex+6}
MPRegen  0.2/turn               s - ring of ice

@: mighty, berserking, very quick
A: hooves 3, yellow scales 1, frail 1, mutation resistance 1, powered by pain 1
a: Berserk, Trog's Hand, Brothers in Arms, Burn Spellbooks, Renounce Religion


You were on level 1 of the Lair of Beasts.
You worshipped Trog.
Trog was greatly pleased with you.
You were hungry.

You visited 3 branches of the dungeon, and saw 11 of its levels.
You also visited: Labyrinth.

You collected 526 gold pieces.
You spent 387 gold pieces at shops.

Inventory:

Hand Weapons
 d - a +3 hand axe
 T - a +3 halberd of flaming (weapon)
Armour
 n - the +3 ring mail "Licvotij" (worn) {rN+ Regen+ Int+4}
   (You found it in a labyrinth)

   It affects your intelligence (+4).
   It protects you from negative energy.
   It increases your rate of regeneration.
 q - a +2 pair of gloves (worn)
 B - a +0 cloak (worn)
 F - a +0 helmet (worn)
Jewellery
 s - a ring of ice (right hand)
 z - an uncursed ring of positive energy
 M - the ring of Esus (left hand) {MP+9 Dex+6}
   (You took it off an orc on level 9 of the Dungeon)

   [ring of magical power]

   It affects your dexterity (+6).
   It affects your magic capacity (+9).
Wands
 h - a wand of iceblast (7/15)
 j - a wand of polymorph (13/24)
 l - a wand of iceblast (6/15)
 v - a wand of random effects (27/48)
 y - a wand of paralysis (7/24)
 C - a wand of lightning (10/15)
 I - a wand of digging (7/24)
 J - a wand of lightning (3/15)
 O - a wand of confusion (13/48)
 P - a wand of scattershot (6/9)
 Q - a wand of polymorph (11/24)
 R - a wand of clouds (4/9)
 S - a wand of lightning (10/15)
Scrolls
 b - 8 scrolls of teleportation
 f - 3 scrolls of amnesia
 g - 2 scrolls of fog
 i - 5 scrolls of enchant weapon
 m - 3 scrolls of recharging
 p - 3 scrolls of remove curse
 r - 4 scrolls of enchant armour
 t - a scroll of noise {unknown}
 u - 2 scrolls of random uselessness {unknown}
 x - 3 scrolls of blinking
 K - 3 scrolls of identify
 N - a scroll of fear {unknown}
Potions
 a - a potion of ambrosia
 e - 3 potions of haste
 k - 2 potions of cancellation
 o - a potion of brilliance {unknown}
 w - a potion of curing
 A - a potion of mutation {unknown}
 D - 4 potions of heal wounds
 E - a potion of magic {unknown}
 G - a potion of berserk rage {unknown}
Miscellaneous
 X - a box of beasts
 Y - a sack of spiders
Comestibles
 c - 6 bread rations
 Z - 3 chunks of flesh


   Skills:
 + Level 8.0 Fighting
 + Level 9.9(10.2) Axes
   Level 2.1(6.6) Maces & Flails
 + Level 3.1(7.0) Polearms
 * Level 11.5 Armour
 - Level 2.6 Dodging
 - Level 1.7 Stealth


You had 10 spell levels left.
You didn't know any spells.

Dungeon Overview and Level Annotations

Branches:
Dungeon (9/15)             Temple (1/1) D:5            Lair (1/6) D:9
    Orc: D:9-12

Altars:
Ashenzari
Cheibriados
Dithmenos
Elyvilon
Fedhas
Gozag
Hepliaklqana
Kikubaaqudgha
Makhleb
Nemelex Xobeh
Okawaru
Qazlal
Ru
Sif Muna
Trog
Uskayaw
Vehumet
Xom
Yredelemnul
Zin
The Shining One

Shops:
D:5 :   D:6 *   D:7 ?   D:8 !%


Innate Abilities, Weirdness & Mutations

You have hooves in place of feet.
You are partially covered in yellow scales. (AC +2)
You sometimes gain a little power by taking damage.
You are frail. (-10% HP)
You are somewhat resistant to further mutation.


Message History

You barely miss the komodo dragon. You kick the komodo dragon.
The komodo dragon is almost dead.
The bullfrog hits you but does no damage.
The bullfrog barely misses you. The komodo dragon bites you!
* * * LOW HITPOINT WARNING * * *
You focus on the pain.
You feel very mighty all of a sudden.
A red film seems to cover your vision as you go berserk!
You feel yourself moving faster!
You feel mighty!
You are feeling hungry.
The bullfrog hits you.
* * * LOW HITPOINT WARNING * * *
The bullfrog barely misses you. The komodo dragon bites you!
* * * LOW HITPOINT WARNING * * *
The bullfrog closely misses you.
The bullfrog hits you but does no damage.
You barely miss the komodo dragon. You kick the komodo dragon.
The komodo dragon is almost dead.
The bullfrog misses you. The komodo dragon bites you!!
You die...

*,,,,,,,* *,,,,,** #P.
*.......* **,,,,,* #P.
*.......* *,,,,** #.. *.......*
**,...# ##. **.......* *,..>.#
#. ***,.....$.** *#....# #.
***,,,.,.....,### #....# **,
*,,,,*....#.†##.###....# *,,
*,,,***#....F@.........# *#.
*,,,*,,###..lF.........# ###.
**,,,*,.....#...........####P#.
*,,***,###.,##.................
*,,*,***#.,**#.................
*,,*,,,#.,,* #.................
*,,*,,,#*,,**#..##....#.##.....
*,,**,**,,,,#...#........#.....
*,,,*,,,,,,*##..#........#.....


You could see a komodo dragon and 2 bullfrogs.

Vanquished Creatures
  A minotaur (Lab)
  2 two-headed ogres (D:8)
  A black mamba (Lair:1)
  Maurice (D:8)
  The ghost of Linguinho the Sneak, an amateur DsMo (D:4)
  10 blink frogs (Lair:1)
  A hippogriff (D:8)
  A wraith (D:8)
  4 yaks (Lair:1)
  A vampire (D:9)
  3 redbacks (Lab)
  A wyvern (D:8)
  6 hungry ghosts
  Menkaure (D:5)
  A porcupine (Lair:1)
  Duvessa (D:6)
  2 water moccasins
  3 sky beasts
  An ice beast (D:5)
  2 black bears (D:7)
  2 phantoms (D:8)
  An ogre (D:6)
  2 wolves (Lair:1)
  2 centaurs
  A crocodile (Lair:1)
  Blork the orc (D:6)
  2 big kobolds
  A wyvern zombie (D:7)
  12 bullfrogs
  Dowan (D:6)
  2 scorpions
  3 killer bees (D:9)
  3 howler monkeys (D:8)
  5 wights (D:6)
  A bullfrog zombie (D:6)
  A centaur zombie (D:7)
  2 crimson imps
  A quasit (D:8)
  4 orc priests
  6 hounds
  An iron imp (D:5)
  2 orc wizards (D:6)
  2 bullfrog skeletons
  Jessica (D:2)
  A centaur skeleton (D:6)
  An iguana (D:8)
  4 worker ants
  A killer bee zombie (D:8)
  A hound zombie (D:6)
  2 worker ant zombies
  Robin (D:2)
  11 adders
  A shadow imp (D:9)
  An ooze (D:1)
  2 adder zombies (D:9)
  A leopard gecko (D:7)
  24 orcs
  2 ball pythons
  5 giant cockroaches
  16 goblins
  12 hobgoblins
  8 jackals
  16 kobolds
  9 quokkas
  8 bats
  4 frilled lizards
  A goblin skeleton (D:5)
  A goblin zombie (D:5)
  2 hobgoblin zombies (D:5)
  A jackal skeleton (D:5)
  A kobold skeleton (D:5)
  A kobold zombie (D:5)
  A leopard gecko skeleton (D:4)
  2 orc skeletons (D:5)
  A quokka skeleton (D:5)
  A quokka zombie (D:5)
  4 rats
250 creatures vanquished.

Vanquished Creatures (others)
  An ogre (D:9)
1 creature vanquished.

Grand Total: 251 creatures vanquished

Notes
Turn   | Place    | Note
-------+----------+-------------------------------------------
     0 | D:1      | Linguinho the Demonspawn Monk began the quest for the Orb.
     0 | D:1      | Reached XP level 1. HP: 18/18 MP: 1/1
   371 | D:1      | Gained mutation: You are partially covered in yellow scales. (AC +2) [demonic ancestry]
   371 | D:1      | Reached XP level 2. HP: 24/24 MP: 2/2
   497 | D:1      | Reached skill level 1 in Armour
   916 | D:1      | Reached skill level 1 in Axes
   969 | D:1      | Gained mutation: You sometimes gain a little power by taking damage. [demonic ancestry]
   969 | D:1      | Reached XP level 3. HP: 29/29 MP: 3/3
  1137 | D:2      | Noticed Robin
  1311 | D:2      | Killed Robin
  1669 | D:2      | Reached XP level 4. HP: 33/37 MP: 4/4
  2012 | D:2      | Reached skill level 2 in Armour
  2048 | D:2      | Noticed Jessica
  2054 | D:2      | Killed Jessica
  2400 | D:3      | Gained mutation: You have large cloven feet. [demonic ancestry]
  2400 | D:3      | Reached XP level 5. HP: 36/42 MP: 5/5
  2713 | D:4      | Reached skill level 3 in Armour
  2835 | D:4      | Noticed Linguinho's ghost (amateur DsMo)
  2859 | D:4      | Killed Linguinho's ghost
  2859 | D:4      | Reached XP level 6. HP: 44/48 MP: 6/6
  3135 | D:5      | Entered Level 5 of the Dungeon
  3199 | D:5      | Found Tusezeng's Book Shoppe.
  3209 | D:5      | Noticed an ice beast
  3222 | D:5      | Killed an ice beast
  3222 | D:5      | Reached skill level 4 in Armour
  3222 | D:5      | Reached XP level 7. HP: 32/55 MP: 7/7
  3413 | D:5      | Found a glowing golden altar of the Shining One.
  3418 | D:5      | Noticed Menkaure
  3629 | D:5      | Killed Menkaure
  3897 | D:5      | Reached skill level 5 in Axes
  4033 | D:5      | Found a staircase to the Ecumenical Temple.
  4593 | D:6      | Noticed Blork the orc
  4593 | D:6      | Noticed Duvessa
  4593 | D:6      | Noticed Dowan
  4609 | D:6      | Killed Dowan
  4620 | D:6      | Killed Duvessa
  4629 | D:6      | Killed Blork the orc
  4629 | D:6      | Reached skill level 5 in Armour
  4629 | D:6      | Gained mutation: You have hoof-like feet. [demonic ancestry]
  4629 | D:6      | Reached XP level 8. HP: 28/61 MP: 8/8
  4879 | Temple   | Entered the Ecumenical Temple
  4974 | Temple   | Became a worshipper of Trog the Wrathful
  4974 | Temple   | Reached * piety under Trog
  4974 | Temple   | Reached ** piety under Trog
  5597 | D:6      | Gained mutation: You are frail. (-10% HP) [mutagenic meat]
  5598 | D:6      | Gained mutation: You are somewhat resistant to further mutation. [mutagenic meat]
  5708 | D:6      | Reached skill level 5 in Fighting
  5927 | D:6      | Found Guhuyrr's General Store.
  5931 | D:6      | Bought a scroll of teleportation for 45 gold pieces
  5931 | D:6      | Bought a scroll of enchant armour for 112 gold pieces
  5977 | D:6      | Reached skill level 6 in Armour
  6105 | D:7      | Gained mutation: You have hooves in place of feet. [demonic ancestry]
  6105 | D:7      | Reached XP level 9. HP: 61/61 MP: 9/9
  6185 | D:7      | Reached *** piety under Trog
  6859 | D:7      | Found Plog's Magic Scroll Shoppe.
  7191 | D:7      | Bought a scroll of fog for 28 gold pieces
  7191 | D:7      | Bought a scroll of enchant weapon for 105 gold pieces
  7191 | D:7      | Bought a scroll of remove curse for 42 gold pieces
  7205 | D:8      | Reached skill level 1 in Maces & Flails
  7211 | D:8      | Reached skill level 7 in Armour
  7270 | D:8      | Noticed Maurice
  7280 | D:8      | Killed Maurice
  7451 | D:8      | Reached skill level 8 in Armour
  7778 | D:8      | Found Loizirch's Food Emporium.
  7779 | D:8      | Noticed a two-headed ogre
  7788 | D:8      | Reached XP level 10. HP: 69/69 MP: 10/10
  7790 | D:8      | Killed a two-headed ogre
  7871 | D:8      | Noticed a two-headed ogre
  7880 | D:8      | Killed a two-headed ogre
  7880 | D:8      | Reached skill level 9 in Armour
  7981 | D:8      | Found Welathross's Distillery.
  7986 | D:8      | Bought a potion of heal wounds for 55 gold pieces
  8134 | D:9      | Found a staircase to the Lair.
  8237 | D:9      | Reached **** piety under Trog
  8427 | D:9      | Got a flickering jade ring
  8595 | D:9      | Identified the ring of Esus {MP+9 Dex+6} (You took it off an orc on level 9 of the Dungeon)
  8653 | Lair:1   | Entered Level 1 of the Lair of Beasts
  8699 | Lair:1   | Found a labyrinth entrance.
  8708 | Lab      | Entered a labyrinth
  8759 | Lab      | Reached skill level 10 in Armour
  9937 | Lab      | Got an ichor-stained ring mail
 10007 | Lab      | Noticed a minotaur
 10018 | Lab      | Killed a minotaur
 10018 | Lab      | Reached XP level 11. HP: 75/75 MP: 11/11
 10392 | Lair:1   | Reached skill level 11 in Armour
 10709 | Lair:1   | Identified the +3 ring mail "Licvotij" {rN+ Regen+ Int+4} (You found it in a labyrinth)
 10781 | Lair:1   | Mangled by a komodo dragon

Skill      XL: |  1  2  3  4  5  6  7  8  9 10 11 |
---------------+----------------------------------+-----
Armour         | 1 2 3 4 5 6 8 10 11 | 11.5
Axes           | 1 2 3 4 5 7 8 9 |  9.9
Fighting       | 4 5 6 7 8 |  8.0
Maces & Flails | 2 |  2.1
Polearms       | 3 |  3.1
Dodging        | |  2.6
Stealth        | |  1.7

Action                   |  1- 3 |  4- 6 |  7- 9 | 10-12 || total
-------------------------+-------+-------+-------+-------++-------
Melee: Hand axe          |   116 |   159 |   280 |   230 ||   785
       Kick              |       |    24 |   109 |    81 ||   214
       Flail             |       |       |    79 |       ||    79
       Halberd           |       |       |       |    34 ||    34
Invok: Berserk           |       |       |     8 |    10 ||    18
       Burn Spellbooks   |       |       |     1 |     1 ||     2
  Use: Scroll            |       |     7 |     5 |     1 ||    13
       Potion            |       |       |     1 |     4 ||     5
  Eat: Chunk             |     2 |     6 |    14 |     6 ||    28
       Meat ration       |       |       |     2 |       ||     2
       Royal jelly       |       |       |     1 |     2 ||     3
       Bread ration      |       |       |       |     5 ||     5
       Fruit             |       |       |       |     4 ||     4
Armor: Robe              |     2 |       |       |       ||     2
       Chain mail        |    87 |   129 |   212 |   142 ||   570
       Ring mail         |       |       |       |    32 ||    32
Dodge: Dodged            |    44 |    58 |   136 |   166 ||   404
